Senateurs vs Flames (R1)

Created - 28 novembre 2016 at 19:01

Goals
1 2 3 OT1 SO T
Senateurs 1 2 0 0 1 3
Flames 0 3 0 0 2 4
Shots
1 2 3 OT1 SO T
Senateurs 5 7 9 0 3 21
Flames 10 18 9 0 3 37

1st period

1. Senateurs , Gilbert Brule 7 (Thomas Vanek) at 4:33

Penalties :
Jordin Tootoo (Cal) for Interference (Minor) at 1:45, Vladimir Mihalik (Ott) for Tripping (Minor) at 7:23, Colin Wilson (Cal) for High sticking (Minor) at 9:39, Alexander Semin (Cal) for Hooking (Minor) at 15:41, Marcel Goc (Cal) for Cross-checking (Minor) at 19:40

2nd period

2. Flames , Marcel Goc 3 (Brad Marchand, Steve Eminger) at 7:36
3. Senateurs , Thomas Vanek 10 (Gilbert Brule, Johan Franzen) at 8:49 (PP)
4. Flames , Eric Staal 8 (Alexander Semin, Pekka Rinne) at 13:31 (PP)
5. Senateurs , B.J. Crombeen 3 (Brenden Morrow, Brad Richards) at 15:55 (PP)
6. Flames , Erik Johnson 4 (Steve Regier) at 19:03 (PP)

Penalties :
George Parros (Ott) for Checking from behind (Minor) at 1:54, Gilbert Brule (Ott) for Holding (Minor) at 5:49, Jordin Tootoo (Cal) for High sticking (Minor) at 6:07, Michel Ouellet (Cal) for Tripping (Minor) at 8:43, Vitaly Vishnevsky (Ott) for Tripping (Minor) at 11:41, Steve Eminger (Cal) for Hooking (Minor) at 13:43, Alexander Semin (Cal) for Hooking (Minor) at 14:05, Brenden Morrow (Ott) for Hooking (Minor) at 18:27, Gilbert Brule (Ott) for Roughing (Minor) at 19:11

3rd period

No Goal

Penalties :
Mark Bell (Cal) for Holding (Minor) at 13:44

Overtime #1

No Goal

Penalties :
No Penalty

Shootout

Penalty Shot by Gilbert Brule for Senateurs - Shot Misses the Net
Penalty Shot by Eric Staal for Flames - Goal!
Penalty Shot by Thomas Vanek for Senateurs - Goal!
Penalty Shot by Alexander Semin for Flames - Stopped by Ondrej Pavelec
Penalty Shot by Brad Richards for Senateurs - Stopped by Pekka Rinne
Penalty Shot by Patrik Berglund for Flames - Goal!

Penalties :
No Penalty

Goalie Stats

Ondrej Pavelec (Ott), 34 saves from 37 shots - (0,919), OTL, 5-5-2, 65:00 minutes
Pekka Rinne (Cal), 18 saves from 21 shots - (0,857), W, 8-4-1, 65:00 minutes

Players Stats for Senateurs

Player Name              G  A  P  +/- PIM S  H  SB GA TA FO     MP     PP MP  PK MP  
------------------------------------------------------------------------------------
Andrew Ebbett            0  0  0  -1  0   3  0  2  0  0  2/5    10:36   0:00   2:20 
Andy McDonald            0  0  0  -1  0   2  1  0  0  0  0/1     9:50   0:16   0:34 
B.J. Crombeen            1  0  1   0  0   4  2  0  2  0  0/0    14:43   5:27   0:00 
Brad Richards            0  1  1   0  0   3  1  0  0  0  6/10   18:26   5:31   2:21 
Brandon Dubinsky         0  0  0   0  0   0  1  0  0  0  2/3     9:35   0:00   0:00 
Brenden Morrow           0  1  1   0  2   1  0  0  0  0  0/0    18:01   5:27   2:01 
Carlo Colaiacovo         0  0  0   0  0   0  2  0  1  1  0/0    23:04   5:26   2:35 
Dan Girardi              0  0  0   0  0   0  0  1  0  0  0/0     9:36   0:00   0:00 
Dan Hamhuis              0  0  0   0  0   0  1  2  1  2  0/0    32:20   7:05   6:06 
Darcy Hordichuk          0  0  0   0  0   1  1  0  1  0  1/4    13:03   0:34   0:00 
George Parros            0  0  0   0  2   0  1  0  0  0  0/0     9:34   0:00   0:00 
Gilbert Brule            1  1  2   1  4   2  1  1  0  0  17/38  24:29   6:56   4:10 
Johan Franzen            0  1  1   1  0   0  2  0  0  0  1/1    17:24   6:34   0:00 
Kurtis Foster            0  0  0   0  0   1  3  3  0  0  0/0    32:20   7:05   6:06 
Milan Hejduk             0  0  0   0  0   1  0  0  0  0  0/0     6:29   0:00   0:00 
Thomas Vanek             1  1  2   1  0   2  1  0  0  1  2/4    27:16   6:48   5:56 
Vitaly Vishnevsky        0  0  0   0  2   1  0  1  1  0  0/0    22:20   5:26   1:52 
Vladimir Mihalik         0  0  0   0  2   0  2  0  0  0  0/0    10:26   0:00   0:43 

Players Stats for Flames

Player Name              G  A  P  +/- PIM S  H  SB GA TA FO     MP     PP MP  PK MP  
------------------------------------------------------------------------------------
Alexander Semin          0  1  1   0  4   4  5  0  1  1  2/2    25:18   5:10   5:29 
Brad Marchand            0  1  1   1  0   0  1  0  0  0  1/1    12:24   0:03   4:14 
Cam Janssen              0  0  0  -1  0   0  0  0  0  0  0/1     7:52   0:05   0:00 
Colin Wilson             0  0  0   0  2   0  0  0  0  0  0/0     6:32   0:00   0:00 
Derek Meech              0  0  0   1  0   2  0  1  0  2  0/0    25:11   3:32   0:53 
Eric Staal               1  0  1   0  0   4  1  2  2  0  19/32  24:54   5:10   4:59 
Erik Johnson             1  0  1   0  0   3  4  2  0  1  0/0    26:24   5:09   6:13 
Jonathan Ferland         0  0  0   0  0   0  0  0  0  0  0/0     6:31   0:00   0:00 
Jordin Tootoo            0  0  0   0  4   3  2  0  1  0  1/2    19:08   3:25   2:05 
Marcel Goc               1  0  1   0  2   7  3  0  0  0  8/14   14:37   0:05   5:22 
Mark Bell                0  0  0   0  2   1  0  0  0  1  0/0    11:25   0:00   0:38 
Michel Ouellet           0  0  0   0  2   4  0  0  0  0  1/2    15:57   5:10   0:00 
Noah Welch               0  0  0  -1  0   1  0  0  0  1  0/0    13:55   3:32   0:35 
Patrik Berglund          0  0  0   0  0   1  1  0  0  0  3/12   15:46   3:26   0:00 
Ron Hainsey              0  0  0  -1  0   0  2  1  0  0  0/0    14:58   0:00   7:02 
Steve Eminger            0  1  1   1  2   3  1  2  0  0  0/0    24:53   0:00   5:56 
Steve Regier             0  1  1  -1  0   3  1  0  0  0  0/0    13:26   3:28   0:24 
Tomas Kaberle            0  0  0   0  0   1  1  2  0  0  0/0    24:51   5:09   4:36 

3 Stars

1 - Thomas Vanek (Ott)
2 - Erik Johnson (Cal)
3 - B.J. Crombeen (Ott)

Power Play

Senateurs - 2 on 9 Attempt(s) - 22,22%
Flames - 2 on 6 Attempt(s) - 33,33%

Penalty Kill

Senateurs - 4 on 6 Attempt(s) - 66,67% - Score 0 goal in Penalty Kill
Flames - 7 on 9 Attempt(s) - 77,78% - Score 0 goal in Penalty Kill

Team Stat

Senateurs - Hits : 19 - Faceoff Wins : 31 - Blocked Shots : 10 - Penalty Minutes : 12
Flames - Hits : 22 - Faceoff Wins : 35 - Blocked Shots : 10 - Penalty Minutes : 18

Official

Referees : Kowal Tom and Banfield David
Linesman : Jean Morin and Don Henderson

Game Notes

No Game Note

Finance

Level 1 -- Attendance: 4314 (71,90%) -- Ticket Income 383 946 $
Level 2 -- Attendance: 3801 (76,02%) -- Ticket Income 216 657 $
Level 3 -- Attendance: 1578 (78,90%) -- Ticket Income 52 074 $
Level 4 -- Attendance: 3254 (81,35%) -- Ticket Income 74 842 $
Luxury Box -- Attendance: 728 (72,80%) -- Ticket Income 137 592 $
Game was played at the Metal Center.
Total Attendance: 13675 (75,97%)
Total Ticket Income: 865 111 $
Other Income: 129 767 $
Total Income: 994 878 $

Senateurs

5 vs 5 Forward 
   Center                   Left Wing                Right Wing               Time % Phy DF OF 
 1 Gilbert Brule            Thomas Vanek             Johan Franzen            40     1   2  2  
 2 Brad Richards            Brenden Morrow           B.J. Crombeen            30     1   2  2  
 3 Brandon Dubinsky         Darcy Hordichuk          George Parros            20     1   2  2  
 4 Andrew Ebbett            Andy McDonald            Milan Hejduk             10     1   2  2  

5 vs 5 Defense 
   Defense                  Defense                                           Time % Phy DF OF 
 1 Kurtis Foster            Dan Hamhuis                                       40     1   2  2  
 2 Vitaly Vishnevsky        Carlo Colaiacovo                                  30     1   2  2  
 3 Dan Girardi              Vladimir Mihalik                                  20     1   2  2  
 4 Kurtis Foster            Dan Hamhuis                                       10     1   2  2  

PowerPlay Forward 
   Center                   Left Wing                Right Wing               Time % Phy DF OF 
 1 Gilbert Brule            Thomas Vanek             Johan Franzen            60     1   1  3  
 2 Brad Richards            Brenden Morrow           B.J. Crombeen            40     1   1  3  

PowerPlay Defense
   Defense                  Defense                                           Time % Phy DF OF 
 1 Kurtis Foster            Dan Hamhuis                                       60     1   2  2  
 2 Vitaly Vishnevsky        Carlo Colaiacovo                                  40     1   2  2  

Penalty Kill 4 Players Forward 
   Center                   Wing                     Time % Phy DF OF 
 1 Gilbert Brule            Thomas Vanek             60     1   2  2  
 2 Brad Richards            Brenden Morrow           40     1   2  2  

Penalty Kill 4 Players Defense
   Defense                  Defense                  Time % Phy DF OF 
 1 Kurtis Foster            Dan Hamhuis              60     1   2  2  
 2 Vitaly Vishnevsky        Carlo Colaiacovo         40     1   2  2  

Penalty Kill - 3 Players Forward 
   Forward                                           Time % Phy DF OF 
 1 Gilbert Brule                                     60     1   2  2  
 2 Thomas Vanek                                      40     1   2  2  

Penalty Kill - 3 Players Defense
   Defense                  Defense                  Time % Phy DF OF 
 1 Kurtis Foster            Dan Hamhuis              60     1   2  2  
 2 Vitaly Vishnevsky        Carlo Colaiacovo         40     1   2  2  

4 vs 4 Forward 
   Center                   Wing                     Time % Phy DF OF 
 1 Gilbert Brule            Thomas Vanek             60     1   2  2  
 2 Brad Richards            Brenden Morrow           40     1   2  2  

4 vs 4 Defense
   Defense                  Defense                  Time % Phy DF OF 
 1 Kurtis Foster            Dan Hamhuis              60     1   2  2  
 2 Vitaly Vishnevsky        Carlo Colaiacovo         40     1   2  2  

Last Minutes Offensive
   Center                   Left Wing                Right Wing               Defense                  Defense                  
   Gilbert Brule            Thomas Vanek             Johan Franzen            Kurtis Foster            Dan Hamhuis              

Last Minutes Defensive
   Center                   Left Wing                Right Wing               Defense                  Defense                  
   Gilbert Brule            Thomas Vanek             Johan Franzen            Kurtis Foster            Dan Hamhuis              

Goaltenders
Starting : Ondrej Pavelec           
Backup : Jonas Gustavsson         

Extra Forwards
Normal : Darcy Hordichuk, Andy McDonald, Andrew Ebbett - PP : Darcy Hordichuk, Andy McDonald - PK : Andrew Ebbett
Extra Defensemen
Normal : Dan Girardi, Vladimir Mihalik, Vitaly Vishnevsky - PP : Dan Girardi - PK : Vladimir Mihalik, Vitaly Vishnevsky
Penalty Shots
Gilbert Brule, Thomas Vanek, Brad Richards, Brenden Morrow, Johan Franzen

Flames

5 vs 5 Forward 
   Center                   Left Wing                Right Wing               Time % Phy DF OF 
 1 Eric Staal               Alexander Semin          Jordin Tootoo            39     1   2  2  
 2 Patrik Berglund          Mark Bell                Michel Ouellet           30     1   2  2  
 3 Marcel Goc               Steve Regier             Cam Janssen              21     1   2  2  
 4 Colin Wilson             Brad Marchand            Jonathan Ferland         10     1   2  2  

5 vs 5 Defense 
   Defense                  Defense                                           Time % Phy DF OF 
 1 Derek Meech              Steve Eminger                                     40     1   2  2  
 2 Tomas Kaberle            Erik Johnson                                      30     1   2  2  
 3 Ron Hainsey              Noah Welch                                        20     1   2  2  
 4 Tomas Kaberle            Steve Eminger                                     10     1   2  2  

PowerPlay Forward 
   Center                   Left Wing                Right Wing               Time % Phy DF OF 
 1 Eric Staal               Alexander Semin          Michel Ouellet           60     1   1  3  
 2 Patrik Berglund          Steve Regier             Jordin Tootoo            40     1   1  3  

PowerPlay Defense
   Defense                  Defense                                           Time % Phy DF OF 
 1 Tomas Kaberle            Erik Johnson                                      60     1   1  3  
 2 Derek Meech              Noah Welch                                        40     1   1  3  

Penalty Kill 4 Players Forward 
   Center                   Wing                     Time % Phy DF OF 
 1 Marcel Goc               Alexander Semin          60     1   3  1  
 2 Eric Staal               Jordin Tootoo            40     1   3  1  

Penalty Kill 4 Players Defense
   Defense                  Defense                  Time % Phy DF OF 
 1 Ron Hainsey              Steve Eminger            60     1   4  0  
 2 Tomas Kaberle            Erik Johnson             40     1   4  0  

Penalty Kill - 3 Players Forward 
   Forward                                           Time % Phy DF OF 
 1 Eric Staal                                        60     1   4  0  
 2 Alexander Semin                                   40     1   4  0  

Penalty Kill - 3 Players Defense
   Defense                  Defense                  Time % Phy DF OF 
 1 Ron Hainsey              Steve Eminger            60     1   4  0  
 2 Tomas Kaberle            Erik Johnson             40     1   4  0  

4 vs 4 Forward 
   Center                   Wing                     Time % Phy DF OF 
 1 Eric Staal               Alexander Semin          60     1   2  2  
 2 Patrik Berglund          Jordin Tootoo            40     1   2  2  

4 vs 4 Defense
   Defense                  Defense                  Time % Phy DF OF 
 1 Derek Meech              Steve Eminger            60     1   2  2  
 2 Tomas Kaberle            Erik Johnson             40     1   2  2  

Last Minutes Offensive
   Center                   Left Wing                Right Wing               Defense                  Defense                  
   Eric Staal               Alexander Semin          Jordin Tootoo            Erik Johnson             Steve Eminger            

Last Minutes Defensive
   Center                   Left Wing                Right Wing               Defense                  Defense                  
   Eric Staal               Alexander Semin          Jordin Tootoo            Erik Johnson             Steve Eminger            

Goaltenders
Starting : Pekka Rinne              
Backup : Craig Anderson           

Extra Forwards
Normal : Alexander Semin, Jordin Tootoo, Steve Regier - PP : Jordin Tootoo, Steve Regier - PK : Brad Marchand
Extra Defensemen
Normal : Erik Johnson, Tomas Kaberle, Ron Hainsey - PP : Noah Welch - PK : Erik Johnson, Derek Meech
Penalty Shots
Eric Staal, Alexander Semin, Patrik Berglund, Steve Regier, Colin Wilson

% Time on Ice - Senateurs

Lines # - Real PCT - Wanted PCT - Time Play
Normal Forward
1 - 32% - 40% - 11:47
2 - 25% - 30% - 9:16
3 - 26% - 20% - 9:35
4 - 17% - 10% - 6:29
Normal Defense
1 - 41% - 40% - 15:07
2 - 33% - 30% - 12:16
3 - 25% - 20% - 9:22
4 - 1% - 10% - 0:22
PP Forward
1 - 56% - 60% - 7:00
2 - 44% - 40% - 5:31
PP Defense
1 - 57% - 60% - 7:05
2 - 43% - 40% - 5:26
PK Forward
1 - 75% - 60% - 6:30
2 - 25% - 40% - 2:11
PK Defense
1 - 70% - 60% - 6:06
2 - 30% - 40% - 2:35
PK3 Forward
1 - 0% - 60%
2 - 0% - 40%
PK3 Defense
1 - 0% - 60%
2 - 0% - 40%
44 Forward
1 - 81% - 60% - 5:23
2 - 19% - 40% - 1:18
44 Defense
1 - 58% - 60% - 3:54
2 - 42% - 40% - 2:47
Last Minute Offensive  - 0:00
Last Minute Defensive  - 0:00
Total
Forward - 65:00
Defense - 65:00

% Time on Ice - Flames

Lines # - Real PCT - Wanted PCT - Time Play
Normal Forward
1 - 31% - 39% - 11:32
2 - 31% - 30% - 11:22
3 - 21% - 21% - 7:42
4 - 18% - 10% - 6:31
Normal Defense
1 - 45% - 40% - 16:35
2 - 35% - 30% - 12:50
3 - 21% - 20% - 7:38
4 - 0% - 10% - 0:04
PP Forward
1 - 60% - 60% - 5:10
2 - 40% - 40% - 3:31
PP Defense
1 - 59% - 60% - 5:09
2 - 41% - 40% - 3:32
PK Forward
1 - 76% - 60% - 8:14
2 - 24% - 40% - 2:40
PK Defense
1 - 58% - 60% - 6:18
2 - 42% - 40% - 4:36
PK3 Forward
1 - 76% - 60% - 1:14
2 - 24% - 40% - 0:23
PK3 Defense
1 - 100% - 60% - 1:37
2 - 0% - 40% - 0:00
44 Forward
1 - 79% - 60% - 5:17
2 - 21% - 40% - 1:24
44 Defense
1 - 51% - 60% - 3:26
2 - 49% - 40% - 3:15
Last Minute Offensive  - 0:00
Last Minute Defensive  - 0:00
Total
Forward - 65:00
Defense - 65:00

Play by Play

1st period


0:01 of 1st period - Eric Staal wins face-off versus Gilbert Brule in neutral zone.
0:52 of 1st period - Michel Ouellet is hit by Andy McDonald and loses puck.
1:21 of 1st period - Snap shot by Steve Regier.
1:21 of 1st period - Stopped by Ondrej Pavelec with a rebound.
1:23 of 1st period - Slapshot by Steve Eminger.
1:23 of 1st period - Deflect By Darcy Hordichuk.
1:23 of 1st period - Stopped by Ondrej Pavelec without a rebound.
1:24 of 1st period - Gilbert Brule wins face-off versus Eric Staal in Senateurs zone.
1:45 of 1st period - Minor Penalty to Jordin Tootoo for Interference.
1:46 of 1st period - Marcel Goc wins face-off versus Gilbert Brule in Flames zone.
2:02 of 1st period - Icing by Johan Franzen.
2:03 of 1st period - Marcel Goc wins face-off versus Gilbert Brule in Senateurs zone.
2:10 of 1st period - Snap shot by Alexander Semin.
2:10 of 1st period - Stopped by Ondrej Pavelec without a rebound.
2:11 of 1st period - Marcel Goc wins face-off versus Gilbert Brule in Senateurs zone.
2:47 of 1st period - Off-side.
2:48 of 1st period - Marcel Goc wins face-off versus Gilbert Brule in neutral zone.
3:14 of 1st period - Alexander Semin is hit by Carlo Colaiacovo and loses puck.
3:38 of 1st period - Icing by Dan Hamhuis.
3:39 of 1st period - Eric Staal wins face-off versus Gilbert Brule in Senateurs zone.
3:45 of 1st period - Penalty to Jordin Tootoo is over, Jordin Tootoo is back on ice.
3:50 of 1st period - Slapshot by Thomas Vanek.
3:50 of 1st period - Deflect By Johan Franzen.
3:50 of 1st period - Shot Misses the Net.
3:50 of 1st period - Puck is out of play.
3:51 of 1st period - Brad Richards wins face-off versus Eric Staal in Flames zone.
3:54 of 1st period - Snap shot by B.J. Crombeen.
3:54 of 1st period - Stopped by Pekka Rinne without a rebound.
3:55 of 1st period - Eric Staal wins face-off versus Brad Richards in Flames zone.
4:10 of 1st period - Wrist shot by Eric Staal.
4:10 of 1st period - Stopped by Ondrej Pavelec with a rebound.
4:33 of 1st period - Wrist shot by Gilbert Brule.
4:33 of 1st period - Goal by Gilbert Brule - Senateurs : 1 - Flames : 0.
4:34 of 1st period - Gilbert Brule wins face-off versus Eric Staal in neutral zone.
5:41 of 1st period - Snap shot by Steve Eminger.
5:41 of 1st period - Stopped by Ondrej Pavelec with a rebound.
5:49 of 1st period - Brad Marchand is hit by Vladimir Mihalik and loses puck.
6:04 of 1st period - Snap shot by Darcy Hordichuk.
6:04 of 1st period - Shot Misses the Net.
6:22 of 1st period - Steve Eminger is hit by Johan Franzen and loses puck.
7:23 of 1st period - Minor Penalty to Vladimir Mihalik for Tripping.
7:24 of 1st period - Gilbert Brule wins face-off versus Eric Staal in Senateurs zone.
7:53 of 1st period - Dan Hamhuis is hit by Erik Johnson and loses puck.
8:37 of 1st period - Slapshot by Eric Staal.
8:37 of 1st period - Stopped by Ondrej Pavelec without a rebound.
8:38 of 1st period - Gilbert Brule wins face-off versus Patrik Berglund in Senateurs zone.
9:21 of 1st period - Erik Johnson is hit by Kurtis Foster and loses puck.
9:23 of 1st period - Penalty to Vladimir Mihalik is over, Vladimir Mihalik is back on ice.
9:39 of 1st period - Minor Penalty to Colin Wilson for High sticking.
9:40 of 1st period - Marcel Goc wins face-off versus Gilbert Brule in Flames zone.
9:44 of 1st period - Thomas Vanek is hit by Alexander Semin and loses puck.
10:05 of 1st period - Snap shot by B.J. Crombeen.
10:05 of 1st period - Stopped by Pekka Rinne with a rebound.
10:07 of 1st period - Wrist shot by Brad Richards.
10:07 of 1st period - Shot Blocked by Ron Hainsey.
11:39 of 1st period - Penalty to Colin Wilson is over, Colin Wilson is back on ice.
11:51 of 1st period - Dan Girardi is hit by Patrik Berglund and loses puck.
12:08 of 1st period - Slapshot by Andy McDonald.
12:08 of 1st period - Stopped by Pekka Rinne with a rebound.
12:32 of 1st period - Wrist shot by Marcel Goc.
12:32 of 1st period - Stopped by Ondrej Pavelec with a rebound.
12:34 of 1st period - Wrist shot by Eric Staal.
12:34 of 1st period - Stopped by Ondrej Pavelec with a rebound.
12:36 of 1st period - Slapshot by Alexander Semin.
12:36 of 1st period - Shot Misses the Net.
12:38 of 1st period - Slapshot by Tomas Kaberle.
12:38 of 1st period - Shot Blocked by Gilbert Brule.
13:17 of 1st period - Wrist shot by Marcel Goc.
13:17 of 1st period - Shot Blocked by Andrew Ebbett.
14:22 of 1st period - Off-side.
14:23 of 1st period - Eric Staal wins face-off versus Brandon Dubinsky in neutral zone.
14:52 of 1st period - Wrist shot by Mark Bell.
14:52 of 1st period - Shot Misses the Net.
14:54 of 1st period - Wrist shot by Michel Ouellet.
14:54 of 1st period - Shot Misses the Net.
15:00 of 1st period - Slapshot by Michel Ouellet.
15:00 of 1st period - Stopped by Ondrej Pavelec without a rebound.
15:01 of 1st period - Brad Richards wins face-off versus Marcel Goc in Senateurs zone.
15:41 of 1st period - Minor Penalty to Alexander Semin for Hooking.
15:42 of 1st period - Gilbert Brule wins face-off versus Marcel Goc in Flames zone.
16:14 of 1st period - Wrist shot by Marcel Goc.
16:14 of 1st period - Stopped by Ondrej Pavelec without a rebound.
16:15 of 1st period - Marcel Goc wins face-off versus Gilbert Brule in Senateurs zone.
16:21 of 1st period - Icing by Johan Franzen.
16:22 of 1st period - Marcel Goc wins face-off versus Gilbert Brule in Senateurs zone.
17:37 of 1st period - Kurtis Foster is hit by Erik Johnson.
17:41 of 1st period - Penalty to Alexander Semin is over, Alexander Semin is back on ice.
18:05 of 1st period - Snap shot by Andy McDonald.
18:05 of 1st period - Shot Blocked by Steve Eminger.
18:07 of 1st period - Slapshot by Andy McDonald.
18:07 of 1st period - Shot Misses the Net.
18:25 of 1st period - Vladimir Mihalik is hit by Marcel Goc and loses puck.
19:38 of 1st period - Snap shot by Darcy Hordichuk.
19:38 of 1st period - Stopped by Pekka Rinne with a rebound.
19:40 of 1st period - Minor Penalty to Marcel Goc for Cross-checking.
19:41 of 1st period - Alexander Semin wins face-off versus Gilbert Brule in Flames zone.
Goals for this period are 1 for Senateurs vs 0 for Flames.
Shots for this period are 5 for Senateurs vs 10 for Flames.

2nd period


0:01 of 2nd period - Alexander Semin wins face-off versus Gilbert Brule in neutral zone.
0:06 of 2nd period - Icing by Dan Hamhuis.
0:07 of 2nd period - Brad Marchand wins face-off versus Thomas Vanek in Senateurs zone.
1:19 of 2nd period - Icing by Carlo Colaiacovo.
1:20 of 2nd period - Gilbert Brule wins face-off versus Eric Staal in Senateurs zone.
1:40 of 2nd period - Penalty to Marcel Goc is over, Marcel Goc is back on ice.
1:54 of 2nd period - Minor Penalty to George Parros for Checking from behind.
1:55 of 2nd period - Gilbert Brule wins face-off versus Patrik Berglund in Senateurs zone.
2:07 of 2nd period - Snap shot by Patrik Berglund.
2:07 of 2nd period - Shot Misses the Net.
2:09 of 2nd period - Snap shot by Noah Welch.
2:09 of 2nd period - Stopped by Ondrej Pavelec without a rebound.
2:10 of 2nd period - Eric Staal wins face-off versus Gilbert Brule in Senateurs zone.
2:17 of 2nd period - Slapshot by Eric Staal.
2:17 of 2nd period - Deflect By Michel Ouellet.
2:17 of 2nd period - Shot Misses the Net.
2:17 of 2nd period - Puck is out of play.
2:18 of 2nd period - Eric Staal wins face-off versus Thomas Vanek in Senateurs zone.
2:34 of 2nd period - Off-side.
2:35 of 2nd period - Eric Staal wins face-off versus Gilbert Brule in neutral zone.
3:28 of 2nd period - Icing by Patrik Berglund.
3:29 of 2nd period - Gilbert Brule wins face-off versus Patrik Berglund in Flames zone.
3:50 of 2nd period - Slapshot by Alexander Semin.
3:50 of 2nd period - Shot Misses the Net.
3:54 of 2nd period - Penalty to George Parros is over, George Parros is back on ice.
4:28 of 2nd period - Snap shot by Marcel Goc.
4:28 of 2nd period - Shot Blocked by Dan Girardi.
4:45 of 2nd period - Icing by Derek Meech.
4:46 of 2nd period - Brad Richards wins face-off versus Patrik Berglund in Flames zone.
5:43 of 2nd period - Slapshot by Patrik Berglund.
5:43 of 2nd period - Shot Misses the Net.
5:45 of 2nd period - Slapshot by Derek Meech.
5:45 of 2nd period - Stopped by Ondrej Pavelec without a rebound.
5:46 of 2nd period - Gilbert Brule wins face-off versus Jordin Tootoo in Senateurs zone.
5:46 of 2nd period - Gilbert Brule is hit by Alexander Semin.
5:49 of 2nd period - Minor Penalty to Gilbert Brule for Holding.
5:50 of 2nd period - Eric Staal wins face-off versus Andrew Ebbett in Senateurs zone.
6:07 of 2nd period - Minor Penalty to Jordin Tootoo for High sticking.
6:08 of 2nd period - Eric Staal wins face-off versus Darcy Hordichuk in Flames zone.
6:24 of 2nd period - Wrist shot by Thomas Vanek.
6:24 of 2nd period - Shot Blocked by Tomas Kaberle.
7:26 of 2nd period - Wrist shot by Marcel Goc.
7:26 of 2nd period - Stopped by Ondrej Pavelec without a rebound.
7:27 of 2nd period - Marcel Goc wins face-off versus Andy McDonald in Senateurs zone.
7:30 of 2nd period - Wrist shot by Marcel Goc.
7:30 of 2nd period - Stopped by Ondrej Pavelec with a rebound.
7:32 of 2nd period - Snap shot by Brad Marchand.
7:32 of 2nd period - Shot Blocked by Andrew Ebbett.
7:34 of 2nd period - Slapshot by Marcel Goc.
7:34 of 2nd period - Stopped by Ondrej Pavelec with a rebound.
7:36 of 2nd period - Wrist shot by Marcel Goc.
7:36 of 2nd period - Goal by Marcel Goc - Senateurs : 1 - Flames : 1.
7:37 of 2nd period - Eric Staal wins face-off versus Darcy Hordichuk in neutral zone.
7:49 of 2nd period - Penalty to Gilbert Brule is over, Gilbert Brule is back on ice.
7:52 of 2nd period - Wrist shot by Alexander Semin.
7:52 of 2nd period - Shot Blocked by Kurtis Foster.
8:07 of 2nd period - Penalty to Jordin Tootoo is over, Jordin Tootoo is back on ice.
8:14 of 2nd period - Wrist shot by Marcel Goc.
8:14 of 2nd period - Shot Misses the Net.
8:16 of 2nd period - Slapshot by Derek Meech.
8:16 of 2nd period - Deflect By Marcel Goc.
8:16 of 2nd period - Stopped by Ondrej Pavelec with a rebound.
8:18 of 2nd period - Wrist shot by Jordin Tootoo.
8:18 of 2nd period - Stopped by Ondrej Pavelec with a rebound.
8:20 of 2nd period - Slapshot by Steve Eminger.
8:20 of 2nd period - Stopped by Ondrej Pavelec without a rebound.
8:21 of 2nd period - Patrik Berglund wins face-off versus Brad Richards in Senateurs zone.
8:22 of 2nd period - Slapshot by Michel Ouellet.
8:22 of 2nd period - Stopped by Ondrej Pavelec with a rebound.
8:24 of 2nd period - Slapshot by Michel Ouellet.
8:24 of 2nd period - Stopped by Ondrej Pavelec with a rebound.
8:26 of 2nd period - Backhand shot by Michel Ouellet.
8:26 of 2nd period - Stopped by Ondrej Pavelec without a rebound.
8:27 of 2nd period - Brad Richards wins face-off versus Patrik Berglund in Senateurs zone.
8:43 of 2nd period - Minor Penalty to Michel Ouellet for Tripping.
8:44 of 2nd period - Johan Franzen wins face-off versus Marcel Goc in Flames zone.
8:49 of 2nd period - Wrist shot by Thomas Vanek.
8:49 of 2nd period - Goal by Thomas Vanek - Senateurs : 2 - Flames : 1.
8:50 of 2nd period - Gilbert Brule wins face-off versus Eric Staal in neutral zone.
8:57 of 2nd period - Wrist shot by Johan Franzen.
8:57 of 2nd period - Shot Blocked by Eric Staal.
8:59 of 2nd period - Snap shot by Johan Franzen.
8:59 of 2nd period - Shot Misses the Net.
9:01 of 2nd period - Slapshot by Gilbert Brule.
9:01 of 2nd period - Stopped by Pekka Rinne without a rebound.
9:02 of 2nd period - Eric Staal wins face-off versus Gilbert Brule in Flames zone.
9:29 of 2nd period - Kurtis Foster is hit by Steve Regier.
10:16 of 2nd period - Andrew Ebbett is hit by Tomas Kaberle and loses puck.
10:43 of 2nd period - Steve Regier is hit by Vladimir Mihalik and loses puck.
11:40 of 2nd period - Snap shot by Gilbert Brule.
11:40 of 2nd period - Shot Misses the Net.
11:41 of 2nd period - Minor Penalty to Vitaly Vishnevsky for Tripping.
11:42 of 2nd period - Eric Staal wins face-off versus Gilbert Brule in Senateurs zone.
12:15 of 2nd period - Snap shot by Patrik Berglund.
12:15 of 2nd period - Deflect By Steve Regier.
12:15 of 2nd period - Stopped by Ondrej Pavelec with a rebound.
12:58 of 2nd period - Snap shot by Andrew Ebbett.
12:58 of 2nd period - Stopped by Pekka Rinne with a rebound.
13:01 of 2nd period - Icing by Steve Regier.
13:02 of 2nd period - Gilbert Brule wins face-off versus Patrik Berglund in Flames zone.
13:03 of 2nd period - Wrist shot by Thomas Vanek.
13:03 of 2nd period - Deflect By Gilbert Brule.
13:03 of 2nd period - Shot Blocked by Derek Meech.
13:03 of 2nd period - Puck is out of play.
13:04 of 2nd period - Gilbert Brule wins face-off versus Patrik Berglund in Flames zone.
13:07 of 2nd period - Snap shot by Thomas Vanek.
13:07 of 2nd period - Stopped by Pekka Rinne with a rebound.
13:13 of 2nd period - Slapshot by Steve Regier.
13:13 of 2nd period - Stopped by Ondrej Pavelec with a rebound.
13:31 of 2nd period - Snap shot by Eric Staal.
13:31 of 2nd period - Goal by Eric Staal - Senateurs : 2 - Flames : 2.
13:32 of 2nd period - Gilbert Brule wins face-off versus Eric Staal in neutral zone.
13:41 of 2nd period - Wrist shot by Thomas Vanek.
13:41 of 2nd period - Shot Blocked by Eric Staal.
13:43 of 2nd period - Minor Penalty to Steve Eminger for Hooking.
13:44 of 2nd period - Gilbert Brule wins face-off versus Marcel Goc in Flames zone.
14:05 of 2nd period - Minor Penalty to Alexander Semin for Hooking.
14:06 of 2nd period - Eric Staal wins face-off versus Gilbert Brule in Flames zone.
14:38 of 2nd period - Wrist shot by Brad Richards.
14:38 of 2nd period - Stopped by Pekka Rinne with a rebound.
14:40 of 2nd period - Slapshot by Carlo Colaiacovo.
14:40 of 2nd period - Shot Misses the Net.
14:42 of 2nd period - Snap shot by Brenden Morrow.
14:42 of 2nd period - Stopped by Pekka Rinne without a rebound.
14:43 of 2nd period - Eric Staal wins face-off versus Brad Richards in Flames zone.
15:04 of 2nd period - Ron Hainsey is hit by Brad Richards and loses puck.
15:27 of 2nd period - Derek Meech is hit by B.J. Crombeen and loses puck.
15:43 of 2nd period - Penalty to Steve Eminger is over, Steve Eminger is back on ice.
15:55 of 2nd period - Snap shot by B.J. Crombeen.
15:55 of 2nd period - Goal by B.J. Crombeen - Senateurs : 3 - Flames : 2.
15:56 of 2nd period - Michel Ouellet wins face-off versus Gilbert Brule in neutral zone.
16:27 of 2nd period - Erik Johnson is hit by Darcy Hordichuk and loses puck.
17:21 of 2nd period - Wrist shot by Jordin Tootoo.
17:21 of 2nd period - Stopped by Ondrej Pavelec without a rebound.
17:22 of 2nd period - Brandon Dubinsky wins face-off versus Eric Staal in Senateurs zone.
18:27 of 2nd period - Minor Penalty to Brenden Morrow for Hooking.
18:28 of 2nd period - Gilbert Brule wins face-off versus Michel Ouellet in Senateurs zone.
18:28 of 2nd period - Gilbert Brule is hit by Alexander Semin.
19:03 of 2nd period - Backhand shot by Erik Johnson.
19:03 of 2nd period - Goal by Erik Johnson - Senateurs : 3 - Flames : 3.
19:04 of 2nd period - Eric Staal wins face-off versus Gilbert Brule in neutral zone.
19:09 of 2nd period - Slapshot by Alexander Semin.
19:09 of 2nd period - Stopped by Ondrej Pavelec with a rebound.
19:11 of 2nd period - Minor Penalty to Gilbert Brule for Roughing.
19:12 of 2nd period - Eric Staal wins face-off versus Andrew Ebbett in Senateurs zone.
19:39 of 2nd period - Kurtis Foster is hit by Erik Johnson and loses puck.
Goals for this period are 2 for Senateurs vs 3 for Flames.
Shots for this period are 7 for Senateurs vs 18 for Flames.

3rd period


0:01 of 3rd period - Andrew Ebbett wins face-off versus Eric Staal in neutral zone.
0:10 of 3rd period - Slapshot by Kurtis Foster.
0:10 of 3rd period - Shot Misses the Net.
0:37 of 3rd period - Wrist shot by Jordin Tootoo.
0:37 of 3rd period - Stopped by Ondrej Pavelec with a rebound.
0:39 of 3rd period - Slapshot by Jordin Tootoo.
0:39 of 3rd period - Deflect By Steve Regier.
0:39 of 3rd period - Shot Misses the Net.
0:39 of 3rd period - Puck is out of play.
0:40 of 3rd period - Andrew Ebbett wins face-off versus Patrik Berglund in Senateurs zone.
0:55 of 3rd period - Slapshot by Derek Meech.
0:55 of 3rd period - Shot Misses the Net.
1:11 of 3rd period - Penalty to Gilbert Brule is over, Gilbert Brule is back on ice.
1:35 of 3rd period - Tomas Kaberle is hit by Brandon Dubinsky and loses puck.
1:50 of 3rd period - Snap shot by Tomas Kaberle.
1:50 of 3rd period - Stopped by Ondrej Pavelec with a rebound.
2:29 of 3rd period - Backhand shot by Mark Bell.
2:29 of 3rd period - Shot Blocked by Dan Hamhuis.
3:05 of 3rd period - Wrist shot by Brad Richards.
3:05 of 3rd period - Stopped by Pekka Rinne with a rebound.
3:07 of 3rd period - Slapshot by Vitaly Vishnevsky.
3:07 of 3rd period - Shot Misses the Net.
3:52 of 3rd period - Slapshot by Andy McDonald.
3:52 of 3rd period - Shot Misses the Net.
3:54 of 3rd period - Wrist shot by Andy McDonald.
3:54 of 3rd period - Stopped by Pekka Rinne with a rebound.
3:56 of 3rd period - Snap shot by Milan Hejduk.
3:56 of 3rd period - Stopped by Pekka Rinne with a rebound.
3:58 of 3rd period - Slapshot by Andrew Ebbett.
3:58 of 3rd period - Shot Misses the Net.
4:12 of 3rd period - Snap shot by Brad Richards.
4:12 of 3rd period - Stopped by Pekka Rinne without a rebound.
4:13 of 3rd period - Eric Staal wins face-off versus Gilbert Brule in Flames zone.
4:22 of 3rd period - Johan Franzen is hit by Ron Hainsey and loses puck.
4:27 of 3rd period - Backhand shot by Eric Staal.
4:27 of 3rd period - Deflect By Alexander Semin.
4:27 of 3rd period - Stopped by Ondrej Pavelec without a rebound.
4:28 of 3rd period - Brad Richards wins face-off versus Eric Staal in Senateurs zone.
4:28 of 3rd period - Brad Richards is hit by Steve Eminger.
4:38 of 3rd period - Jordin Tootoo is hit by Dan Hamhuis and loses puck.
5:20 of 3rd period - Slapshot by Kurtis Foster.
5:20 of 3rd period - Stopped by Pekka Rinne with a rebound.
5:22 of 3rd period - Slapshot by Kurtis Foster.
5:22 of 3rd period - Deflect By Darcy Hordichuk.
5:22 of 3rd period - Shot Blocked by Erik Johnson.
5:22 of 3rd period - Puck is out of play.
5:23 of 3rd period - Eric Staal wins face-off versus Gilbert Brule in Flames zone.
5:30 of 3rd period - Carlo Colaiacovo is hit by Alexander Semin and loses puck.
6:41 of 3rd period - Snap shot by Gilbert Brule.
6:41 of 3rd period - Shot Misses the Net.
6:51 of 3rd period - Kurtis Foster is hit by Ron Hainsey and loses puck.
6:56 of 3rd period - Snap shot by Alexander Semin.
6:56 of 3rd period - Stopped by Ondrej Pavelec with a rebound.
6:58 of 3rd period - Slapshot by Derek Meech.
6:58 of 3rd period - Deflect By Kurtis Foster.
6:58 of 3rd period - Stopped by Ondrej Pavelec without a rebound.
6:59 of 3rd period - Gilbert Brule wins face-off versus Eric Staal in Senateurs zone.
7:11 of 3rd period - Snap shot by Derek Meech.
7:11 of 3rd period - Deflect By Jordin Tootoo.
7:11 of 3rd period - Shot Blocked by Kurtis Foster.
7:11 of 3rd period - Puck is out of play.
7:12 of 3rd period - Eric Staal wins face-off versus Gilbert Brule in Senateurs zone.
7:37 of 3rd period - Mark Bell is hit by B.J. Crombeen and loses puck.
7:48 of 3rd period - Snap shot by B.J. Crombeen.
7:48 of 3rd period - Shot Misses the Net.
7:57 of 3rd period - Icing by Marcel Goc.
7:58 of 3rd period - Brandon Dubinsky wins face-off versus Cam Janssen in Flames zone.
7:59 of 3rd period - Snap shot by Darcy Hordichuk.
7:59 of 3rd period - Shot Blocked by Steve Eminger.
8:13 of 3rd period - Slapshot by Marcel Goc.
8:13 of 3rd period - Shot Blocked by Kurtis Foster.
8:23 of 3rd period - Jordin Tootoo is hit by Kurtis Foster and loses puck.
8:46 of 3rd period - Slapshot by Michel Ouellet.
8:46 of 3rd period - Shot Misses the Net.
8:48 of 3rd period - Snap shot by Erik Johnson.
8:48 of 3rd period - Stopped by Ondrej Pavelec with a rebound.
8:50 of 3rd period - Wrist shot by Michel Ouellet.
8:50 of 3rd period - Shot Misses the Net.
8:52 of 3rd period - Wrist shot by Patrik Berglund.
8:52 of 3rd period - Stopped by Ondrej Pavelec with a rebound.
9:04 of 3rd period - Slapshot by Kurtis Foster.
9:04 of 3rd period - Shot Blocked by Erik Johnson.
9:06 of 3rd period - Snap shot by Andrew Ebbett.
9:06 of 3rd period - Stopped by Pekka Rinne with a rebound.
9:08 of 3rd period - Slapshot by Dan Hamhuis.
9:08 of 3rd period - Shot Blocked by Tomas Kaberle.
9:10 of 3rd period - Wrist shot by Milan Hejduk.
9:10 of 3rd period - Shot Misses the Net.
9:12 of 3rd period - Slapshot by Kurtis Foster.
9:12 of 3rd period - Deflect By Andrew Ebbett.
9:12 of 3rd period - Stopped by Pekka Rinne with a rebound.
9:14 of 3rd period - Snap shot by Andy McDonald.
9:14 of 3rd period - Shot Misses the Net.
9:24 of 3rd period - Tomas Kaberle is hit by George Parros.
9:28 of 3rd period - Wrist shot by Erik Johnson.
9:28 of 3rd period - Deflect By Darcy Hordichuk.
9:28 of 3rd period - Stopped by Ondrej Pavelec with a rebound.
9:46 of 3rd period - Vitaly Vishnevsky is hit by Alexander Semin and loses puck.
11:07 of 3rd period - Snap shot by Mark Bell.
11:07 of 3rd period - Stopped by Ondrej Pavelec with a rebound.
12:09 of 3rd period - Eric Staal is hit by Johan Franzen and loses puck.
12:16 of 3rd period - Gilbert Brule is hit by Jordin Tootoo and loses puck.
12:26 of 3rd period - Off-side.
12:27 of 3rd period - Brad Richards wins face-off versus Patrik Berglund in neutral zone.
12:40 of 3rd period - Snap shot by B.J. Crombeen.
12:40 of 3rd period - Shot Misses the Net.
12:42 of 3rd period - Snap shot by B.J. Crombeen.
12:42 of 3rd period - Stopped by Pekka Rinne with a rebound.
13:33 of 3rd period - Off-side.
13:34 of 3rd period - Patrik Berglund wins face-off versus Brad Richards in neutral zone.
13:44 of 3rd period - Minor Penalty to Mark Bell for Holding.
13:45 of 3rd period - Gilbert Brule wins face-off versus Marcel Goc in Flames zone.
14:11 of 3rd period - Kurtis Foster is hit by Eric Staal and loses puck.
15:44 of 3rd period - Penalty to Mark Bell is over, Mark Bell is back on ice.
16:00 of 3rd period - Snap shot by Mark Bell.
16:00 of 3rd period - Shot Blocked by Dan Hamhuis.
16:09 of 3rd period - Icing by Erik Johnson.
16:10 of 3rd period - Patrik Berglund wins face-off versus Andrew Ebbett in Flames zone.
17:22 of 3rd period - Snap shot by Brenden Morrow.
17:22 of 3rd period - Shot Misses the Net.
17:24 of 3rd period - Slapshot by Vitaly Vishnevsky.
17:24 of 3rd period - Stopped by Pekka Rinne with a rebound.
18:07 of 3rd period - Vladimir Mihalik is hit by Marcel Goc and loses puck.
18:25 of 3rd period - Steve Eminger is hit by Carlo Colaiacovo and loses puck.
18:39 of 3rd period - Derek Meech is hit by Kurtis Foster and loses puck.
19:33 of 3rd period - Andrew Ebbett is hit by Erik Johnson and loses puck.
Goals for this period are 0 for Senateurs vs 0 for Flames.
Shots for this period are 9 for Senateurs vs 9 for Flames.

Overtime #1


0:01 of 1st overtime period - Thomas Vanek wins face-off versus Eric Staal in neutral zone.
0:04 of 1st overtime period - Alexander Semin is hit by Thomas Vanek and loses puck.
1:08 of 1st overtime period - Icing by Derek Meech.
1:09 of 1st overtime period - Jordin Tootoo wins face-off versus Darcy Hordichuk in Flames zone.
1:21 of 1st overtime period - Off-side.
1:22 of 1st overtime period - Thomas Vanek wins face-off versus Eric Staal in neutral zone.
2:44 of 1st overtime period - Snap shot by Steve Regier.
2:44 of 1st overtime period - Shot Blocked by Vitaly Vishnevsky.
3:22 of 1st overtime period - Dan Hamhuis is hit by Jordin Tootoo and loses puck.
4:14 of 1st overtime period - Andy McDonald is hit by Marcel Goc and loses puck.
4:25 of 1st overtime period - Derek Meech is hit by Gilbert Brule and loses puck.
4:48 of 1st overtime period - Icing by Dan Girardi.
4:49 of 1st overtime period - Darcy Hordichuk wins face-off versus Marcel Goc in Senateurs zone.
4:56 of 1st overtime period - Vladimir Mihalik is hit by Brad Marchand and loses puck.
Goals for this period are 0 for Senateurs vs 0 for Flames.
Shots for this period are 0 for Senateurs vs 0 for Flames.

ShootOut


5:00 of 1st overtime period - Penalty Shot by Gilbert Brule for Senateurs.
5:00 of 1st overtime period - Wrist shot by Gilbert Brule.
5:00 of 1st overtime period - Shot Misses the Net.
5:00 of 1st overtime period - Penalty Shot by Eric Staal for Flames.
5:00 of 1st overtime period - Wrist shot by Eric Staal.
5:00 of 1st overtime period - Goal by Eric Staal.
5:00 of 1st overtime period - Penalty Shot by Thomas Vanek for Senateurs.
5:00 of 1st overtime period - Wrist shot by Thomas Vanek.
5:00 of 1st overtime period - Goal by Thomas Vanek.
5:00 of 1st overtime period - Penalty Shot by Alexander Semin for Flames.
5:00 of 1st overtime period - Deke by Alexander Semin.
5:00 of 1st overtime period - Stopped by Ondrej Pavelec.
5:00 of 1st overtime period - Penalty Shot by Brad Richards for Senateurs.
5:00 of 1st overtime period - Wrist shot by Brad Richards.
5:00 of 1st overtime period - Stopped by Pekka Rinne.
5:00 of 1st overtime period - Penalty Shot by Patrik Berglund for Flames.
5:00 of 1st overtime period - Snap shot by Patrik Berglund.
5:00 of 1st overtime period - Goal by Patrik Berglund.